AoeStats
← jphilkill

Black Forest

507491060Analyzed
4v4 RM · 14d ago on Sep 18, 2026· 49m 16s· 8 players
Game mode
Random Map
Map size
Large (8 player)
Population
200
Speed
Normal
Resources
Standard
Victory
Conquest
Starting age
Dark Age
Ending age
Imperial Age
RankedLock teamsTeams togetherTeam positionsShared explorationLock speedFull tech treeHidden civsTurbo modeCheats
Victory
Defeat
🇦🇺 Romans · Australia
891
+13
🇸🇰 Spanish · Slovakia
882
+14
🇦🇺 Ethiopians · Australia
849
+15
🇦🇺 Goths · Australia
786
+17
🇪🇸 Spanish · Spain
855
-16
🇩🇪 Celts · Germany
842
-15
🇹🇷 Japanese · Türkiye
810
-14
🇫🇷 Persians · France
805
-14
[PKT]Luixpozo
1:45 Loom
15:43 Feudal Age
18:15 Man-at-Arms
21:00 Castle Age
24:35 Husbandry
35:21 Scale Barding Armor
35:35 Bloodlines
39:56 Imperial Age
39:03 Forging
40:36 Elite Conquistador
40:41 Light Cavalry
43:15 Pikeman
43:58 Halberdier
Diego
0:44 Loom
13:32 Feudal Age
14:58 Wheelbarrow
14:13 Double-Bit Axe
14:11 Horse Collar
28:56 Castle Age
26:42 Town Watch
34:14 Bow Saw
36:22 Hand Cart
40:20 Scale Barding Armor
40:26 Forging
40:16 Scale Mail Armor
41:50 Gold Mining
41:58 Stone Mining
43:51 Chain Barding Armor
44:07 Iron Casting
47:54 Imperial Age
46:08 Murder Holes
46:34 Ballistics
46:25 Masonry
46:24 Caravan
46:55 Coinage
46:31 Town Patrol
ozgurulas90
14:53 Feudal Age
20:48 Castle Age
26:47 Horse Collar
34:23 Forging
34:14 Scale Mail Armor
41:02 Iron Casting
40:43 Chain Mail Armor
41:05 Gold Mining
41:05 Stone Mining
41:14 Double-Bit Axe
42:01 Heavy Plow
45:13 Bow Saw
jphilkill
0:56 Loom
15:40 Feudal Age
22:23 Castle Age
21:50 Double-Bit Axe
21:48 Horse Collar
23:05 Stone Mining
25:35 Heavy Plow
27:20 Bow Saw
28:42 Wheelbarrow
29:54 Hand Cart
33:44 Scale Barding Armor
33:50 Forging
34:04 Scale Mail Armor
38:06 Chain Barding Armor
37:59 Gold Mining
42:16 Imperial Age
39:59 Fletching
41:33 Stone Shaft Mining
41:35 Gold Shaft Mining
41:47 Chain Mail Armor
Kivado
13:16 Feudal Age
13:35 Man-at-Arms
15:22 Scale Mail Armor
23:08 Gold Mining
30:18 Castle Age
28:02 Horse Collar
30:27 Double-Bit Axe
32:22 Bow Saw
32:17 Long Swordsman
34:34 Chain Mail Armor
35:06 Stone Mining
36:30 Squires
38:27 Caravan
44:19 Stone Shaft Mining
44:59 Heavy Plow
45:40 Wheelbarrow
46:57 Anarchy
47:46 Hand Cart
50:47 Imperial Age
Sinbad
5:40 Loom
11:26 Feudal Age
13:10 Double-Bit Axe
13:07 Horse Collar
13:40 Man-at-Arms
23:17 Castle Age
22:28 Forging
22:19 Scale Mail Armor
22:35 Gold Mining
25:51 Gold Shaft Mining
25:07 Stone Mining
28:23 Long Swordsman
33:00 Caravan
34:45 Elite Skirmisher
35:59 Pikeman
36:39 Squires
37:39 Wheelbarrow
36:50 Town Watch
38:02 Iron Casting
37:43 Chain Mail Armor
37:18 Fletching
43:20 Imperial Age
41:25 Padded Archer Armor
41:20 Bodkin Arrow
42:19 Bow Saw
43:45 Halberdier
45:52 Capped Ram
48:07 Hand Cart
47:53 Town Patrol
48:09 Legionary
SmallPP4000
12:29 Feudal Age
12:58 Double-Bit Axe
12:55 Horse Collar
17:06 Gold Mining
21:48 Castle Age
21:52 Stone Mining
24:11 Gold Shaft Mining
24:57 Stone Shaft Mining
24:38 Bow Saw
24:30 Heavy Plow
32:50 Padded Archer Armor
32:41 Fletching
32:58 Crossbowman
36:23 Wheelbarrow
35:33 Town Watch
36:24 Squires
36:59 Thumb Ring
37:32 Town Patrol
37:18 Loom
38:49 Caravan
41:03 Hand Cart
42:05 Leather Archer Armor
41:45 Bodkin Arrow
41:55 Scale Mail Armor
42:06 Forging
46:05 Imperial Age
46:51 Torsion Engines
47:05 Torsion Engines
46:55 Arbalester
mirro99
1:04 Loom
12:49 Feudal Age
19:06 Castle Age
16:57 Horse Collar
17:35 Double-Bit Axe
21:15 Heavy Plow
24:31 Wheelbarrow
23:46 Town Watch
24:41 Town Patrol
27:09 Hand Cart
28:31 Gold Mining
29:20 Stone Mining
30:20 Bow Saw
33:19 Stone Shaft Mining
35:23 Imperial Age
33:25 Scale Barding Armor
33:31 Forging
33:38 Murder Holes
34:03 Ballistics
35:14 Coinage
34:45 Caravan
36:59 Iron Casting
36:44 Chain Barding Armor
37:18 Conscription
37:34 Hoardings
37:20 Supremacy
38:10 Chemistry
37:21 Masonry
37:45 Banking
37:25 Guilds
38:55 Two-Man Saw
38:11 Husbandry
37:35 Cavalier
38:40 Bloodlines
39:15 Plate Barding Armor
39:42 Blast Furnace
38:43 Scale Mail Armor
38:58 Paladin
Connection lost

Rejoining the realm…

Still unreachable

The connection could not be restored.

Session expired

The server has moved on; the page needs a fresh start.